Map: Torres crepusculares

Players

xXkazperXx - Winner!

  • Race: Zerg Zerg

RANURA DE IA (Media)

  • Race: Zerg Zerg

VOD

Have the link to the VOD?

Description

Time

  • Played on: March 6, 2016, 2:30 p.m.
  • Length: 25:54
Show
View Real Time Build Order
Export as new Build Order

xXkazperXx Zerg - Winner!

Build Orders: Pool First, Lurkers 

Get SALT Encoding   

  12  0:05  Drone  
  13  0:18  Drone  
  13  0:20  Overlord  
  14  0:37  Spawning Pool  
  14  0:38  Drone  
  14  0:41  Drone  
  15  0:49  Extractor  
  14  0:55  Drone x2  
  16  1:06  Drone  
  17  1:12  Overlord  
  17  1:24  Queen  
  19  1:37  Drone x2  
  21  1:50  Roach Warren, Drone  
  21  1:58  Drone  
  22  2:10  Lair  
  22  2:13  Drone  
  23  2:17  Extractor  
  22  2:29  Drone x2  
  24  2:31  Hatchery  
  23  2:46  Drone x3  
  26  2:58  Zergling x2  
  27  3:05  Zergling x2  
  27  3:06  Zergling x4  
  27  3:11  Metabolic Boost  
  30  3:23  Hydralisk Den  
  29  3:51  Spire  
  29  3:55  Hydralisk  
  28  4:00  Drone x2  
  32  4:06  Drone x3  
  35  4:21  Overlord x4  
  35  4:38  Queen  
  35  4:41  Hatchery  
  35  4:45  Drone x2  
  38  4:47  Drone  
  38  4:48  Drone x2  
  41  4:58  Hydralisk  
  43  5:00  Hydralisk  
  45  5:12  Lurker Den  
  45  5:15  Glial Reconstitution  
  45  5:33  Evolution Chamber  
  45  5:35  Zergling x6  
  47  5:37  Hydralisk x3  
  53  5:44  Extractor  
  52  5:58  Drone  
  52  6:03  Drone x3  
  56  6:06  Drone  
  56  6:07  Drone  
  58  6:29  Pneumatized Carapace  
  58  6:33  Burrow  
  58  6:36  Drone x3  
  61  6:42  Lurker  
  61  6:43  Lurker  
  63  6:51  Overseer  
  63  7:09  Mutalisk  
  62  7:28  Roach x3  
  67  7:44  Extractor  
  66  7:52  Roach x2  
  66  7:55  Drone x3  
  73  8:02  Extractor  
  73  8:03  Drone  
  73  8:07  Overlord x2  
  73  8:22  Tunneling Claws  
  73  8:26  Muscular Augments  
  73  8:35  Drone x2  
  73  8:37  Zergling x2  
  76  8:48  Drone  
  76  8:49  Drone x2  
  76  8:52  Queen  
  81  9:04  Zergling x6  
  81  9:05  Zergling x4  
  81  9:06  Zergling x4  
  88  9:16  Overlord x2  
  88  9:23  Extractor  
  87  9:25  Drone  
  88  9:45  Hatchery  
  87  10:15  Drone x4  
  87  10:18  Drone x3  
  94  10:31  Zerg Melee Weapons Level 1  
  94  10:33  Zerg Flyer Weapons Level 1  
  94  10:46  Infestation Pit, Drone x2  
  94  10:47  Drone x4  
  99  10:50  Overseer  
  99  10:57  Lurker x2  
  101  11:11  Drone x2  
  102  11:13  Queen  
  105  11:25  Drone x5  
  103  11:46  Mutalisk x2  
  90  12:33  Hydralisk x5  
  90  12:34  Hydralisk  
  90  12:35  Hydralisk x4  
  90  12:36  Hydralisk x2  
  108  13:41  Overlord x6  
  108  13:44  Mutalisk  
  108  13:45  Mutalisk  
  112  13:50  Hatchery  
  112  13:52  Hive  
  111  14:10  Mutalisk x4  
  111  14:12  Mutalisk x6  
  111  14:15  Hydralisk x3  
  137  14:21  Extractor  
  136  14:26  Extractor  
  135  14:50  Zergling x6  
  135  14:52  Zergling x6  
  141  14:53  Mutalisk  
  141  14:54  Mutalisk x2  
  149  15:15  Drone x3  
  152  15:25  Zerg Melee Weapons Level 2  
  152  15:27  Pathogen Glands  
  152  15:30  Ultralisk Cavern  
  152  15:34  Queen  
  145  15:48  Drone  
  146  15:51  Drone  
  146  15:52  Drone x6  
  146  15:55  Zergling x4  
  146  15:56  Zergling x10  
  160  15:57  Hydralisk x2  
  160  15:58  Hydralisk  
  160  16:00  Overlord x4  
  164  17:02  Lurker x3  
  114  18:34  Roach x5  
  110  19:02  Mutalisk  
  110  19:03  Mutalisk x5  
  114  19:12  Corruptor x6  
  124  19:21  Mutalisk x2  
  124  19:22  Mutalisk x4  
  136  19:25  Roach x4  
  116  20:45  Greater Spire  
  116  20:48  Zergling x6  
  116  20:49  Zergling x6  
  122  20:51  Mutalisk  
  122  20:52  Mutalisk x2  
  122  20:55  Mutalisk x3  
  134  20:58  Mutalisk x3  
  136  21:37  Neural Parasite  
  136  21:39  Chitinous Plating  
  136  21:41  Zerg Melee Weapons Level 3  
  136  21:44  Ultralisk x6  
  172  21:48  Hydralisk x5  
  172  21:49  Hydralisk  
  172  21:52  Zergling x12  
  190  21:56  Zergling x12  
  196  22:08  Brood Lord  
  198  22:28  Hatchery  
  194  24:04  Brood Lord x2  
  194  24:05  Brood Lord  
Show
View Real Time Build Order
Export as new Build Order

RANURA DE IA (Media) Zerg 

Build Orders: Pool First 

Get SALT Encoding   

  12  0:00  Drone  
  13  0:12  Overlord  
  13  0:17  Drone  
  14  0:30  Drone  
  14  0:33  Drone  
  16  0:42  Spawning Pool  
  15  0:45  Drone  
  15  0:49  Drone  
  17  0:52  Extractor  
  17  0:55  Drone  
  17  1:06  Overlord  
  17  1:29  Queen  
  17  1:31  Zergling x2  
  20  1:35  Roach Warren  
  20  1:38  Drone  
  20  1:41  Extractor  
  20  1:47  Zergling x2  
  20  1:49  Drone  
  21  1:59  Drone  
  22  2:17  Roach  
  22  2:21  Overlord  
  24  2:33  Roach  
  26  2:47  Overlord  
  26  2:49  Roach  
  28  3:05  Roach, Drone  
  30  3:08  Drone  
  30  3:12  Overlord  
  32  3:17  Drone  
  33  3:20  Roach  
  33  3:22  Drone  
  36  3:33  Drone  
  37  3:39  Baneling Nest, Roach, Drone  
  39  3:42  Drone  
  40  3:48  Evolution Chamber  
  40  3:49  Drone  
  40  3:56  Roach  
  42  4:12  Roach  
  44  4:33  Zergling x2  
  44  6:35  Overlord, Lair, Baneling  
  44  6:37  Spore Crawler  
  44  6:39  Spore Crawler  
  42  6:41  Evolution Chamber, Drone  
  42  6:42  Hatchery  
  42  6:44  Zergling x2, Drone  
  43  6:47  Drone  
  43  6:53  Overlord  
  45  6:54  Zergling x2  
  45  7:02  Spine Crawler  
  45  7:03  Drone  
  45  7:04  Spine Crawler  
  45  7:06  Drone  
  45  7:14  Zergling x2  
  33  7:23  Baneling  
  33  7:24  Zergling x2  
  29  7:32  Queen  
  29  7:33  Zergling x2, Overseer x2  
  29  7:35  Hydralisk Den  
  31  7:37  Infestation Pit  
  31  7:39  Spire  
  29  7:55  Drone, Queen  
  29  7:58  Drone  
  33  8:00  Extractor  
  33  8:01  Spore Crawler, Drone  
  33  8:04  Drone  
  33  8:05  Spore Crawler  
  32  8:06  Drone  
  32  8:09  Drone  
  32  8:12  Drone  
  35  8:15  Drone  
  35  8:18  Drone  
  37  8:21  Drone  
  37  8:24  Drone  
  37  8:27  Drone  
  40  8:29  Spine Crawler  
  40  8:30  Drone  
  40  8:31  Spine Crawler  
  40  8:32  Drone  
  40  8:35  Drone  
  40  8:38  Drone  
  43  8:41  Drone  
  43  8:44  Drone  
  43  8:47  Drone  
  45  8:50  Drone  
  45  8:51  Mutalisk  
  48  8:56  Drone  
  48  8:59  Drone  
  48  9:00  Mutalisk  
  48  9:02  Drone  
  53  9:05  Drone  
  53  9:08  Drone  
  55  9:10  Mutalisk  
  55  9:11  Drone  
  55  9:16  Drone  
  59  9:19  Drone  
  60  9:24  Mutalisk  
  60  9:25  Drone  
  63  9:34  Mutalisk  
  65  9:43  Mutalisk  
  67  10:15  Extractor  
  66  11:06  Overlord, Roach  
  66  11:07  Overseer, Pneumatized Carapace  
  66  11:08  Zerg Ground Armor Level 1, Zerg Melee Weapons Level 1  
  66  11:10  Metabolic Boost  
  68  11:14  Infestor  
  70  11:20  Hatchery, Burrow  
  70  11:22  Roach  
  71  11:26  Overlord  
  71  11:30  Infestor  
  71  11:38  Infestor  
  68  11:45  Overlord  
  68  11:46  Roach  
  68  11:51  Hive  
  68  11:54  Roach  
  70  12:02  Roach  
  72  12:09  Infestor  
  74  12:17  Infestor  
  74  12:25  Infestor  
  76  12:32  Drone, Queen  
  76  12:33  Zergling x2  
  76  12:35  Drone  
  81  12:38  Drone  
  81  12:40  Extractor  
  81  12:41  Drone  
  82  12:44  Drone  
  82  12:45  Spore Crawler x2  
  82  12:47  Drone  
  82  12:48  Extractor  
  82  12:50  Drone  
  82  12:53  Drone  
  82  12:56  Drone  
  84  12:58  Drone  
  84  13:01  Drone  
  84  13:02  Zerg Missile Weapons Level 1  
  84  13:03  Viper  
  84  13:04  Drone  
  84  13:05  Greater Spire, Ultralisk Cavern  
  83  13:06  Overseer  
  83  13:07  Drone  
  83  13:10  Spine Crawler, Drone  
  83  13:11  Spine Crawler  
  83  13:13  Drone  
  83  13:16  Drone  
  83  13:19  Overlord, Overseer, Drone  
  86  13:22  Drone  
  86  13:25  Drone  
  86  13:26  Overlord, Overseer  
  88  13:46  Overlord  
  88  14:20  Spire  
  88  14:21  Drone  
  88  15:01  Corruptor  
  88  15:02  Overlord, Zerg Melee Weapons Level 2  
  88  15:03  Zerg Ground Armor Level 2  
  90  15:12  Corruptor  
  92  15:21  Overlord  
  92  15:28  Zergling x2  
  74  15:37  Infestor  
  74  15:38  Overseer  
  69  15:48  Overseer, Brood Lord, Corruptor  
  69  15:49  Overlord, Brood Lord  
  75  15:51  Hatchery  
  74  16:05  Corruptor  
  76  16:20  Infestor  
  78  16:30  Corruptor  
  82  16:42  Zergling x2  
  82  16:43  Drone  
  74  16:48  Overlord  
  74  16:53  Overseer  
  74  16:54  Zergling x2  
  65  17:01  Zergling x2  
  65  17:06  Queen  
  66  17:12  Brood Lord, Corruptor  
  66  17:13  Overlord  
  68  17:18  Zerg Missile Weapons Level 2  
  68  17:20  Zergling x2  
  63  17:27  Zergling x2  
  61  17:31  Overlord  
  61  17:34  Hydralisk, Drone  
  61  17:36  Spine Crawler  
  45  17:37  Drone  
  45  17:40  Drone  
  45  17:42  Roach  
  45  17:43  Drone  
  48  17:46  Drone  
  48  17:48  Hatchery  
  48  17:49  Zergling x2, Overseer, Drone  
  41  17:52  Drone  
  41  17:54  Overlord, Overseer  
  41  17:56  Hydralisk  
  42  18:01  Lair  
  42  18:03  Overseer  
  42  18:04  Roach  
  43  18:11  Zergling x2  
  43  18:13  Overlord  
  43  18:17  Overseer  
  43  18:18  Zergling x2  
  43  18:26  Overlord  
  40  18:31  Greater Spire, Hydralisk  
  40  18:33  Overseer  
  34  18:36  Overlord  
  32  18:47  Overseer  
  32  18:50  Overlord  
  32  18:52  Evolution Chamber  
  31  18:59  Corruptor  
  32  19:03  Infestor  
  32  19:09  Overlord, Roach  
  26  19:10  Drone  
  26  19:12  Roach  
  26  19:13  Drone  
  26  19:16  Roach, Drone  
  27  19:19  Drone, Queen  
  27  19:20  Zergling x2  
  27  19:22  Drone  
  27  19:23  Roach  
  30  19:25  Drone  
  30  19:27  Overlord, Roach  
  30  19:28  Drone  
  30  19:29  Overseer  
  30  19:31  Roach  
  36  19:34  Roach, Drone  
  36  19:36  Drone  
  36  19:37  Drone  
  38  19:38  Roach  
  38  19:39  Drone  
  38  19:42  Roach, Drone  
  42  19:45  Drone  
  42  19:46  Overlord, Roach  
  42  19:48  Drone  
  42  19:50  Zergling x2  
  42  19:51  Drone  
  45  19:54  Roach, Drone  
  45  19:59  Overseer  
  50  20:00  Roach, Drone  
  50  20:03  Roach  
  50  20:04  Overlord, Drone  
  50  20:06  Extractor  
  50  20:07  Roach  
  50  20:10  Drone  
  50  20:11  Hatchery, Roach  
  50  20:12  Hydralisk Den  
  51  20:17  Extractor, Drone  
  51  20:18  Extractor  
  45  20:22  Drone  
  43  20:28  Overlord  
  38  20:38  Queen  
  38  20:39  Drone  
  41  20:42  Hydralisk  
  41  20:43  Drone  
  41  20:46  Hydralisk, Roach  
  41  20:48  Drone  
  47  20:53  Roach  
  47  20:57  Overlord  
  47  21:02  Drone  
  48  21:05  Hydralisk  
  48  21:10  Overlord  
  48  21:15  Drone  
  49  21:20  Drone  
  49  21:24  Drone  
  51  21:32  Drone  
  52  21:38  Drone  
  53  21:41  Drone  
  53  21:46  Overseer  
  54  21:50  Overseer  
  54  21:54  Zergling x2  
  55  22:00  Hydralisk  
  57  22:06  Overlord  
  57  22:12  Overseer  
  57  22:17  Roach  
  57  22:22  Roach  
  61  22:26  Roach  
  63  22:31  Roach  
  62  22:40  Corruptor  
  42  22:54  Zergling x2  
  40  23:06  Roach  
  40  23:11  Drone  
  27  23:14  Drone  
  27  23:17  Drone  
  21  23:35  Corruptor  
  22  23:47  Drone  
  21  23:52  Drone  
  19  23:57  Drone  
  8  24:16  Brood Lord  
  8  24:28  Drone  
  9  24:33  Drone  
  9  24:47  Drone  
Tags
 
Add a new tag
Caveats
  • Supply blocks, unpowered buildings, or Contaminate may cause inaccurate times.
  • Supply counts are checked every 10 seconds.